 Dungeon Crawl Stone Soup version 0.31-a0-636-ge1c0e020e0 (webtiles) character file.

Game seed: 5713081939011747972

0 AtlasWard the Trooper (level 1, -1/19 HPs)
             Began as a Draconian Monk on Aug 26, 2023.
             Slain by a hound (5 damage)
             ... on level 2 of the Dungeon.
             The game lasted 00:00:19 (19 turns).

AtlasWard the Trooper (Draconian Monk)                Turns: 19, Time: 00:00:20

Health: -1/19      AC:  4    Str: 13    XL:     1   Next: 0%
Magic:  1/1        EV: 12    Int: 10    God:
Gold:   0          SH:  0    Dex: 13    Spells: 0/0 levels left

rFire   . . .        a - +0 hand axe
rCold   . . .        c - orb {light}
rNeg    . . .        (body armour unavailable)
rPois   .            (helmet restricted)
rElec   .            (no cloak)
rCorr   .            (no gloves)
SInv    .            (no boots)
Will    .....        (no amulet)
Stlth   +            (no ring)
HPRegen 0.23/turn    (no ring)
MPRegen 0.07/turn

%: no passive effects
@: glowing
A: AC +4, unfitting armour, cold-blooded
a: no special abilities


You were on level 2 of the Dungeon.
You visited 1 branch of the dungeon, and saw 2 of its levels.

Inventory:

Hand Weapons
 a - a +0 hand axe (weapon)
Armour
 c - an orb of light (worn)
Potions
 b - a potion of ambrosia


   Skills:
 + Level 3.2 Fighting
 * Level 3.0 Axes
 - Level 2.6 Dodging


You couldn't memorise any spells.
You didn't know any spells.
Your spell library was empty.

Dungeon Overview and Level Annotations

Branches:
Dungeon (1/15)

Altars:


Innate Abilities, Weirdness & Mutations

Your plain brown scales are hard. (AC +4)
You cannot fit into any form of body armour.
You are cold-blooded and may be slowed by cold attacks.


Message History

The shaft crumbles and collapses.
A hound comes into view.
The hound barks!
A rat comes into view.
You hit the hound but do no damage. The hound completely misses you.
The hound bites you.
You barely miss the hound. The hound bites you.
You barely miss the hound. The hound bites you.
The hound bites you but does no damage.
You are too injured to fight recklessly!
Unknown command.
You are too injured to fight recklessly!
You are too injured to fight recklessly!
Unknown command.
You are too injured to fight recklessly!
Unknown command.
You are too injured to fight recklessly!
Unknown command.
You are too injured to fight recklessly!
You closely miss the hound. The hound closely misses you.
The hound stops to sniff the ground.
The hound closely misses you.
You hit the hound but do no damage. The hound barely misses you. x2
You barely miss the hound. You hit the rat. The rat bites you.
An endoplasm comes into view.
The hound bites you but does no damage.
The endoplasm quivers.
You hit the hound. You tail-slap the hound.
The hound is moderately wounded.
You hit the rat but do no damage. The hound closely misses you.
The rat closely misses you. The hound bites you.
* * * LOW HITPOINT WARNING * * *
You completely miss the hound.
The hound is moderately wounded.
You hit the rat.
You kill the rat!
The hound bites you.
* * * LOW HITPOINT WARNING * * *
The hound bites you.
You die...

# .# ..#
####...#.#
#@h...J...
#.........
#.........
####......
......
...### ..#
..#


You could see a hound and an endoplasm.

Vanquished Creatures
  A rat (D:2)
1 creature vanquished.

Notes
Turn   | Place    | Note
-------+----------+-------------------------------------------
     0 | D:1      | AtlasWard the Draconian Monk began the quest for the Orb.
     0 | D:1      | Reached XP level 1. HP: 19/19 MP: 1/1
     6 | D:1      | You fall into a shaft and drop 1 floor!
     7 | D:2      | Noticed a hound
    19 | D:2      | Slain by a hound

Illustrated notes

Levels and vault maps discovered:
D:1:      shiori_arrival_elements, layout_basic, serial_shops,
          nicolae_shop_hallway_stairs, shop, nicolae_square_shop
D:2:      cheibrodos_helix_gallery, layout_loops_ring, basic_altar, uniq_jessica

Action                     || total
---------------------------++-------
  Melee: Hand axe          ||     8
         Tailslap          ||     1
 Armour: Skin              ||     2
  Dodge: Dodged            ||     7

Table legend: (Time is in decaauts)
 A = Elapsed time spent in this place.
 B = Non-inter-level travel time spent in this place.
 C = Inter-level travel time spent in this place.
 D = Time resting spent in this place.
 E = Time spent auto-exploring this place.
 F = Levels seen in this place.
 G = Mean time per level.
                   A        B        C        D        E       F      G
               +--------+--------+--------+--------+--------+-----+--------+
         Total |     19 |     19 |      0 |      0 |      6 |   2 |    9.5 |
       Dungeon |     19 |     19 |      0 |      0 |      6 |   2 |    9.5 |
               +--------+--------+--------+--------+--------+-----+--------+

Top non-repeatable levels by time:
     D:2: 13 daAuts
     D:1: 6 daAuts
